 Dungeon Crawl Stone Soup version 0.31-a0-360-gb3e1d13bf4 (webtiles) character file.

Game seed: 13102883691238394898

1492 CraigForest the Ruffian (level 8, -8/67 HPs)
             Began as a Troll Fighter on July 27, 2023.
             Was a Follower of Hepliaklqana.
             Mangled by a killer bee (9 damage)
             ... on level 7 of the Dungeon.
             The game lasted 00:23:17 (3453 turns).

CraigForest the Ruffian (Troll Fighter)             Turns: 3453, Time: 00:23:24

Health: -8/67      AC:  2    Str: 27    XL:     8   Next: 51%
Magic:  7/7        EV:  9    Int:  4    God:    Hepliaklqana [*.....]
Gold:   222        SH:  8    Dex:  9    Spells: 7/7 levels left

rFire   . .          .
                       - Unarmed
rCold   . . .        b - +0 kite shield
rNeg    + . .        I - +2 robe {rN+}
rPois   .            (helmet restricted)
rElec   .            A - scarf {repulsion}
rCorr   .            (gloves unavailable)
SInv    +            (boots unavailable)
Will    +....        (no amulet)
Stlth   +            u - ring of willpower
HPRegen 1.11/turn    F - ring of see invisible
MPRegen 0.10/turn

%: repel missiles
@: lethally poisoned (-8 -> -9), corroded
A: reduced essence, large, unfitting armour, claws 3, regeneration 1, shaggy fur
1, tough skin 1
a: Renounce Religion, Recall Ancestor, Ancestor Identity


You were on level 7 of the Dungeon.
You worshipped Hepliaklqana.
Hepliaklqana was aware of your devotion.
You visited 2 branches of the dungeon, and saw 8 of its levels.

You collected 398 gold pieces.
You spent 176 gold pieces at shops.

Inventory:

Hand Weapons
 q - a +2 short sword of protection
 t - a +3 mace
 w - a +3 quarterstaff of chaos
 y - a +0 hammer
 D - the +5 war axe "Zukkezom" {elec, Dex+6}
   (You found it on level 4 of the Dungeon)

   Dex:       It affects your dexterity (+6).
 H - a +0 giant spiked club
 K - a +6 dire flail of protection
Missiles
 n - 86 stones
 o - 17 poisoned darts
 L - 2 atropa-tipped darts
 N - 7 boomerangs
Armour
 a - a +0 robe
 b - a +0 kite shield (worn)
 x - a +1 cloak of willpower
 A - a scarf of repulsion (worn)
 I - a +2 robe of positive energy (worn)
 M - a +2 robe of fire resistance
Magical Staves
 f - a staff of death
Jewellery
 l - an amulet of faith
 u - a ring of willpower (left claw)
 F - a ring of see invisible (right claw)
Wands
 v - a wand of flame (18)
Scrolls
 e - a scroll of enchant weapon {unknown}
 p - 3 scrolls of immolation {unknown}
 s - a scroll of blinking {unknown}
 B - 2 scrolls of amnesia {unknown}
 C - a scroll of teleportation {unknown}
 E - a scroll of fear {unknown}
 J - a scroll of fog {unknown}
 O - a scroll of enchant armour {unknown}
Potions
 c - 2 potions of might
 d - 4 potions of heal wounds
 g - a potion of mutation
 h - a potion of lignification
 i - a potion of brilliance
 j - a potion of enlightenment
 k - 4 potions of curing
 m - a potion of resistance
 r - a potion of degeneration {unknown}
 z - a potion of ambrosia {unknown}
 G - 2 potions of cancellation


   Skills:
 + Level 3.4 Fighting
 + Level 4.6 Dodging
 + Level 4.6 Shields
 + Level 6.7 Unarmed Combat
 * Level 3.7 Shapeshifting


You had 7 spell levels left.
You didn't know any spells.
Your spell library contained the following spells:

 Spells                   Type           Power      Damage    Failure   Level
 Apportation              Tloc           0%         N/A       73%         1
 Necrotise                Necr           0%         1d4       73%         1
 Summon Small Mammal      Summ           0%         N/A       73%         1
 Ignite Poison            Fire/Tmut/Pois 0%         N/A       97%         3
 Sticky Flame             Conj/Fire      0%         2d3       100%        4
 Ignition                 Fire           0%         3d3       100%        8


Dungeon Overview and Level Annotations

Branches:
Dungeon (7/15)             Temple (1/1) D:4

Altars:
Ashenzari
Cheibriados
Dithmenos
Elyvilon
Fedhas
Gozag
Hepliaklqana
Nemelex Xobeh
Okawaru
Ru
Sif Muna
Uskayaw
Wu Jian
Xom
The Shining One

Shops:
D:6 [


Innate Abilities, Weirdness & Mutations

Your life essence is reduced to manifest your ancestor. (-10% HP)
You are too large for most types of armour.
You have claws for hands.
Your natural rate of healing is unusually fast.
You are covered in fur. (AC +1)
You have tough skin. (AC +1)


Message History

The jelly is almost dead.
You feel very sick. The killer bee stings you.
You are more poisoned.
The killer bee poisons you! You block the killer bee's attack. x2
Heartfield hits the jelly!
The jelly dies!
The killer bee closely misses you.
The killer bee stings you but does no damage.
The killer bee stings you. x2
You are more poisoned.
The killer bee poisons you!
You miss the killer bee.
You feel extremely sick. You block the killer bee's attack.
The killer bee stings you but does no damage.
The killer bee stings you. You block the killer bee's attack.
A black bear comes into view.
The killer bee barely misses you. The killer bee stings you.
* * * LOW HITPOINT WARNING * * *
The killer bee stings you!
* * * LOW HITPOINT WARNING * * *
You are more poisoned.
The killer bee poisons you! The killer bee stings you.
* * * LOW HITPOINT WARNING * * *
You feel better. The killer bee closely misses you.
You block the killer bee's attack. The killer bee barely misses you.
You block the killer bee's attack.
Heartfield completely misses the killer bee.
The killer bee misses you. The killer bee stings you.
* * * LOW HITPOINT WARNING * * *
You block the killer bee's attack. The killer bee misses you.
Heartfield completely misses the killer bee.
The killer bee stings you.
* * * LOW HITPOINT WARNING * * *
The killer bee stings you!
* * * LOW HITPOINT WARNING * * *
You are lethally poisoned!
The killer bee poisons you! The killer bee stings you!
You die...

##############
...#........#
#######'#.######.#
+##....y....#....#'### #
.......y@...#..#.....###≈
.......yy...#.##.........
.......R.................
..[........##.###........
........................)
.....####.###.####+##....
..h.., ... # #..#.#.....
.... ###. #..#.#.####
.... .# #..........


You could see the friendly Heartfield the ancestor (corroded), a black bear and
4 killer bees.

Vanquished Creatures
  Eustachio (D:6)
  Edmund (D:6)
  2 black bears
  2 ogres (D:6)
  2 phantoms
  A bullfrog (D:6)
  3 scorpions
  2 hounds
  2 jellies (D:6)
  Crazy Yiuf (D:4)
  An iguana (D:5)
  4 orc wizards
  6 adders
  2 white imps
  A worm (D:4)
  2 dart slugs
  25 orcs
  5 ball pythons
  2 bats
  9 endoplasms
  4 giant cockroaches
  2 goblins
  7 hobgoblins
  4 jackals (D:3)
  4 kobolds
  4 quokkas
  2 frilled lizards (D:1)
  6 rats
107 creatures vanquished.

Vanquished Creatures (collateral kills)
  A jelly (D:7)
  2 orcs (D:7)
3 creatures vanquished.

Grand Total: 110 creatures vanquished

Notes
Turn   | Place    | Note
-------+----------+-------------------------------------------
     0 | D:1      | CraigForest the Troll Fighter began the quest for the Orb.
     0 | D:1      | Reached XP level 1. HP: 22/22 MP: 0/0
   204 | D:1      | Reached XP level 2. HP: 27/29 MP: 1/1
   676 | D:2      | Reached XP level 3. HP: 36/36 MP: 2/2
  1255 | D:3      | Reached skill level 1 in Shapeshifting
  1300 | D:3      | Found a hide-covered altar of Uskayaw.
  1717 | D:4      | Reached XP level 4. HP: 44/44 MP: 3/3
  1800 | D:4      | Found a runed translucent door.
  1801 | D:4      | Noticed Crazy Yiuf
  1807 | D:4      | Killed Crazy Yiuf
  1808 | D:4      | Reached skill level 3 in Unarmed Combat
  1843 | D:4      | Reached XP level 5. HP: 50/50 MP: 4/4
  1877 | D:4      | Noticed a black bear
  1884 | D:4      | Killed a black bear
  1916 | D:4      | Reached skill level 4 in Unarmed Combat
  1933 | D:4      | Reached XP level 6. HP: 53/59 MP: 5/5
  1964 | D:4      | Found a staircase to the Ecumenical Temple.
  1973 | Temple   | Entered the Ecumenical Temple
  2018 | Temple   | Became a worshipper of Hepliaklqana the Forgotten
  2103 | D:4      | Identified the +5 war axe "Zukkezom" {elec, Dex+6}
  2339 | D:5      | Entered Level 5 of the Dungeon
  2808 | D:5      | Reached skill level 5 in Unarmed Combat
  2808 | D:5      | Reached XP level 7. HP: 56/66 MP: 6/6
  2839 | D:6      | Found an iron altar of Okawaru.
  2886 | D:6      | Found Tifyppix's Armour Shoppe.
  2889 | D:6      | Bought a +2 robe of positive energy for 176 gold pieces
  2964 | D:6      | Noticed Eustachio
  2992 | D:6      | Killed Eustachio
  3043 | D:6      | Reached XP level 8. HP: 59/75 MP: 7/7
  3046 | D:6      | Reached skill level 6 in Unarmed Combat
  3203 | D:6      | Noticed Edmund
  3211 | D:6      | Killed Edmund
  3212 | D:6      | Reached * piety under Hepliaklqana
  3212 | D:6      | Found a shadowy altar of Dithmenos.
  3285 | D:6      | Found a glowing golden altar of the Shining One.
  3453 | D:7      | HP: 1/67 [killer bee (7)]
  3453 | D:7      | Mangled by a killer bee

Illustrated notes

Levels and vault maps discovered:
D:1:      dpeg_arrival_solitude, layout_loops_ring, minmay_surrounded
D:2:      layout_basic
D:3:      layout_loops_ring, old_standard_altar, kennysheep_generic_room_8
D:4:      layout_basic, minmay_temple_entry_antechambers,
          uniq_crazy_yiuf_cottage
D:5:      layout_cave_pools, kennysheep_cross_bottleneck
D:6:      layout_rooms, general_overflow_altar, nicolae_overflow_crystal_walls,
          mainiacjoe_overflow_cross_hatched, serial_shops,
          nicolae_shop_tiny_real_fake_doors, st_stairs_10, uniq_edmund,
          uniq_eustachio
D:7:      layout_basic, chequers_serial_rivers_micro_e, uniq_maggie
Temple:   hellmonk_temple_of_storms

Skill      XL: |  1  2  3  4  5  6  7  8 |
---------------+-------------------------+-----
Shields        | 3 4 |  4.6
Shapeshifting  | 1 2 3 |  3.7
Dodging        | 3 4 |  4.6
Unarmed Combat | 3 4 5 6 |  6.7
Fighting       | 3 |  3.4

Action                     |  1- 3 |  4- 6 |  7- 9 || total
---------------------------+-------+-------+-------++-------
  Melee: Unarmed           |   125 |    88 |   103 ||   316
 Invoke: Ancestor Identity |       |       |     1 ||     1
    Use: Scroll            |     6 |     2 |     2 ||    10
         Potion            |       |       |     1 ||     1
   Stab: Distracted        |     1 |       |     1 ||     2
 Armour: Robe              |    32 |     8 |    52 ||    92
  Dodge: Dodged            |    38 |    37 |    55 ||   130
  Block: Kite shield       |    43 |    34 |    52 ||   129

Table legend: (Time is in decaauts)
 A = Elapsed time spent in this place.
 B = Non-inter-level travel time spent in this place.
 C = Inter-level travel time spent in this place.
 D = Time resting spent in this place.
 E = Time spent auto-exploring this place.
 F = Levels seen in this place.
 G = Mean time per level.
                   A        B        C        D        E       F      G
               +--------+--------+--------+--------+--------+-----+--------+
         Total |   3473 |   2434 |   1039 |      0 |   1617 |   8 |  434.1 |
       Dungeon |   3417 |   2432 |    985 |      0 |   1617 |   7 |  488.1 |
        Temple |     56 |      2 |     54 |      0 |      0 |   1 |   56.0 |
               +--------+--------+--------+--------+--------+-----+--------+

Top non-repeatable levels by time:
     D:3: 608 daAuts
     D:4: 607 daAuts
     D:1: 565 daAuts
     D:2: 523 daAuts
     D:6: 513 daAuts
     D:5: 498 daAuts
     D:7: 101 daAuts
  Temple: 56 daAuts
